 Dungeon Crawl Stone Soup version 0.31.0-10-gcf4a605ca0 (webtiles) character file.

Game seed: 7841038647804107193

621 PriceMaster the Apothecary (level 7, -4/45 HPs)
             Began as an Octopode Alchemist on Jan 26, 2024.
             Slain by an orc wizard
             ... wielding a +4 dagger of distortion
              (14 damage)
             ... on level 5 of the Dungeon.
             The game lasted 00:13:54 (6283 turns).

PriceMaster the Apothecary (Octopode Alchemist)     Turns: 6283, Time: 00:13:55

Health: -4/45      AC:  1    Str:  7    XL:     7   Next: 46%
Magic:  1/12       EV: 13    Int: 26    God:
Gold:   190        SH:  5    Dex: 12    Spells: 3/13 levels left

rFire   . . .        o - +2 dagger "Tewk" {spect, rN+}
rCold   . . .        r - orb {guile}
rNeg    + . .        (helmet restricted)
rPois   .            i - amulet of reflection
rElec   .            q - +6 ring of intelligence
rCorr   .            (no ring)
SInv    .            (no ring)
Will    .....        (no ring)
Stlth   +++          (no ring)
HPRegen 0.27/turn    (no ring)
MPRegen 0.13/turn    (no ring)
                     (no ring)

%: reflection
@: hasted, very quick
A: almost no armour, amphibious, 8 rings, camouflage 1, gelatinous body 1,
(nimble swimmer 1), tentacles
a: no special abilities


You were on level 5 of the Dungeon.
You visited 1 branch of the dungeon, and saw 5 of its levels.

You collected 190 gold pieces.

Inventory:

Hand Weapons
 c - a +0 club
 d - a +2 spear of freezing
 o - the +2 dagger "Tewk" (weapon) {spect, rN+}
   (You found it on level 4 of the Dungeon)

   rN+:       It protects you from negative energy.
Armour
 r - an orb of guile (worn)
Jewellery
 i - an amulet of reflection (around mantle)
 q - a +6 ring of intelligence (left tentacle)
 s - an amulet of regeneration
Wands
 h - a wand of quicksilver (5)
 j - a wand of flame (15)
 u - a wand of paralysis (5)
Scrolls
 b - 2 scrolls of teleportation
 e - a scroll of enchant armour
 k - 2 scrolls of immolation
 m - 2 scrolls of identify
 t - a scroll of enchant weapon
Potions
 a - a potion of magic
 f - 2 potions of brilliance {unknown}
 g - a potion of haste
 l - a potion of cancellation {unknown}
 n - a potion of ambrosia {unknown}
 v - a potion of mutation {unknown}


   Skills:
 + Level 2.1 Fighting
 + Level 0.3 Short Blades
 + Level 1.3 Polearms
 + Level 2.7 Dodging
 + Level 3.8 Stealth
 + Level 3.9 Spellcasting
 + Level 1.8 Conjurations
 + Level 1.7 Air Magic
 * Level 6.0 Alchemy


You had 3 spell levels left.
You knew the following spells:

 Your Spells              Type           Power      Damage    Failure   Level
a - Sting                 Conj/Alch      100%       1d9       1%          1
b - Mercury Vapours       Alch/Air       50%        N/A       2%          2
c - Mephitic Cloud        Conj/Alch/Air  21%        N/A       7%          3
d - Olgreb's Toxic Radia  Alch           36%        N/A       7%          4

Your spell library contained the following spells:

 Spells                   Type           Power      Damage    Failure   Level
 Apportation              Tloc           10%        N/A       9%          1
 Necrotise                Necr           20%        1d5       9%          1
 Summon Small Mammal      Summ           20%        N/A       9%          1
 Call Canine Familiar     Summ           5%         N/A       26%         3
 Sticky Flame             Fire/Alch      20%        2d6       24%         4
 Summon Blazeheart Golem  Fire/Summ      5%         N/A       65%         4
 Eringya's Noxious Bog    Alch           18%        4d6       73%         6
 Summon Forest            Summ/Tloc      2%         N/A       94%         5
 Summon Hydra             Summ           2%         N/A       100%        7


Dungeon Overview and Level Annotations

Branches:
Dungeon (5/15)             Temple (0/1) D:4

Altars:
Dithmenos
Kikubaaqudgha
Zin
The Shining One

Shops:
D:4 *[([


Innate Abilities, Weirdness & Mutations

You cannot wear most types of armour.
You are amphibious.
You can wear up to eight rings at the same time.
Your skin changes colour to match your surroundings (Stealth+).
Your rubbery body absorbs attacks. (AC +1, EV +1)
((You are camouflaged when in or above water. (Stealth+)))
You have tentacles for arms and can constrict up to eight enemies at once.


Message History

Casting: Mercury Vapours (safe; 2% risk of failure)
Confirm with . or Enter, or press ? or * to list all spells.
You don't have enough magic to cast this spell.
Unknown command.
Casting: Mercury Vapours (safe; 2% risk of failure)
Confirm with . or Enter, or press ? or * to list all spells.
Aiming: Sting (safe; 1% risk of failure)
Press: ? - help, Shift-Dir - straight line, f/p - orc
Aim: an orc, wielding a +0 mace (severely wounded, very poisoned, weak, 78% to hit)
The sting hits the orc!
The orc looks even sicker.
You kill the orc!
Casting: Sting (safe; 1% risk of failure)
Confirm with . or Enter, or press ? or * to list all spells.
You don't have enough magic to cast this spell.
Unknown command.
The orc is no longer weakened.
Casting: Sting (safe; 1% risk of failure)
Confirm with . or Enter, or press ? or * to list all spells.
Aiming: Sting (safe; 1% risk of failure)
Press: ? - help, Shift-Dir - straight line, f - orc
Aim: an orc, wielding a +0 mace and wearing a +0 leather armour (78% to hit)
The sting hits the orc.
The orc is poisoned.
The orc is heavily wounded.
The orc barely misses you.
You hit the orc but do no damage. You grab the orc. You squeeze the orc.
You kill the orc!
No target in view!
No target in view!
You completely miss something. You squeeze something! Something hits you!
Space warps horribly around you!
You hit something.
Your tentacle-slap misses something.
You hear some strange, mumbled words.
You are confused.
You hit something but do no damage. Something hits you. Space warps around you.
* * * LOW HITPOINT WARNING * * *
You feel better. Something hits you. Space warps around you.
You feel yourself speed up. Something hits you.
* * * LOW HITPOINT WARNING * * *
Space warps horribly around you!
You die...

#.# #.# #.#
####### #.#
#.....# #)#
###.###+# #.#
#........ #)#
#........ #{#
####........ #@###
#........### #...#
#........###
###.###........#..
#.#.'.....<.....
#.#.#........#..
#.#.##########..
#.#.# ##. #.#.#
##..
#.#.#########..#


There were no monsters in sight!

Vanquished Creatures
  A hornet (D:5)
  A scorpion (D:4)
  A howler monkey (D:5)
  A bombardier beetle (D:5)
  A gnoll bouda (D:4)
  Ijyb (D:5)
  An orc wizard (D:5)
  5 gnolls
  9 adders
  2 ufetubi (D:5)
  4 dart slugs
  A ribbon worm (D:2)
  3 orcs (D:5)
  5 ball pythons
  4 bats
  6 endoplasms
  4 giant cockroaches
  5 hobgoblins
  2 jackals (D:4)
  6 kobolds
  2 quokkas
  13 frilled lizards
  5 goblins
  6 rats
89 creatures vanquished.

Notes
Turn   | Place    | Note
-------+----------+-------------------------------------------
     0 | D:1      | PriceMaster the Octopode Alchemist began the quest for the
                  | Orb.
     0 | D:1      | Reached XP level 1. HP: 11/11 MP: 3/3
   275 | D:1      | Reached XP level 2. HP: 17/17 MP: 5/5
   278 | D:1      | Learned a level 2 spell: Mercury Vapours
   738 | D:1      | Reached XP level 3. HP: 21/21 MP: 6/6
   808 | D:1      | Learned a level 3 spell: Mephitic Cloud
  1180 | D:2      | Reached skill level 4 in Alchemy
  1716 | D:2      | Found an ancient bone altar of Kikubaaqudgha.
  1777 | D:2      | Reached XP level 4. HP: 11/27 MP: 3/8
  2077 | D:2      | Reached skill level 1 in Polearms
  2430 | D:3      | Found a shadowy altar of Dithmenos.
  3281 | D:3      | Reached XP level 5. HP: 32/32 MP: 9/9
  3798 | D:4      | Found Tonto's Antique Armour Shoppe.
  4025 | D:4      | Reached skill level 1 in Fighting
  4132 | D:4      | Found a staircase to the Ecumenical Temple.
  4349 | D:4      | Found Ideorr's Armour Emporium.
  4353 | D:4      | Found Zin's Purification Station.
  4358 | D:4      | Found a glowing silver altar of Zin.
  4365 | D:4      | Identified the +2 dagger "Tewk" {spect, rN+}
  4378 | D:4      | Reached skill level 1 in Air Magic
  4378 | D:4      | Reached XP level 6. HP: 14/39 MP: 4/10
  4700 | D:4      | Found Posyquo's Antique Weapon Shoppe.
  4831 | D:4      | Learned a level 4 spell: Olgreb's Toxic Radiance
  5016 | D:5      | Entered Level 5 of the Dungeon
  5021 | D:5      | Noticed a hornet
  5023 | D:5      | Reached skill level 5 in Alchemy
  5031 | D:5      | Killed a hornet
  5032 | D:5      | Reached XP level 7. HP: 40/45 MP: 1/12
  5443 | D:5      | Noticed Ijyb
  5444 | D:5      | Paralysed by Ijyb for 3 turns
  5449 | D:5      | Killed Ijyb
  5785 | D:5      | Found a glowing golden altar of the Shining One.
  6265 | D:5      | Reached skill level 6 in Alchemy
  6283 | D:5      | Slain by an orc wizard

Illustrated notes

Levels and vault maps discovered:
D:1:      nicolae_arrival_memento_mori, layout_loops_corners,
          chequers_serial_rivers_large_b
D:2:      layout_rooms, basic_altar, kennysheep_minor_cross
D:3:      layout_loops_ring, grunt_dithmenos_smoke_and_mirrors,
          minmay_lizard_king
D:4:      layout_basic, zin_purify, minmay_temple_entry_glassed_door,
          serial_shops, nicolae_shop_behind_doors, nicolae_shop_peninsula,
          nicolae_shop_behind_doors
D:5:      layout_basic, pf_just_have_faith, tso_metal_star, uniq_sigmund,
          uniq_ijyb

Skill      XL: |  1  2  3  4  5  6  7 |
---------------+----------------------+-----
Stealth        | 3 |  3.8
Alchemy        | 4 5 6 |  6.0
Polearms       | 1 |  1.3
Spellcasting   | 3 |  3.9
Fighting       | 1 2 |  2.1
Air Magic      | 1 |  1.7
Short Blades   | |  0.3
Dodging        | |  2.7
Conjurations   | |  1.8

Action                     |  1- 3 |  4- 6 |  7- 9 || total
---------------------------+-------+-------+-------++-------
  Melee: Club              |     9 |       |       ||     9
         Constrict         |     7 |    10 |     2 ||    19
         Tentacles         |     5 |     7 |     2 ||    14
         Unarmed           |     2 |       |       ||     2
         Punch             |     1 |       |       ||     1
         Spear             |    37 |    57 |       ||    94
         Dagger            |       |     3 |     8 ||    11
   Cast: Sting             |    23 |    23 |     7 ||    53
         Mercury Vapours   |     3 |    21 |     6 ||    30
         Mephitic Cloud    |     3 |    11 |     7 ||    21
         Olgreb's Toxic Ra |       |     3 |     2 ||     5
  Evoke: Wand              |       |       |     3 ||     3
    Use: Potion            |     2 |     3 |     2 ||     7
         Scroll            |       |    10 |       ||    10
   Stab: Sleeping          |     3 |     7 |       ||    10
         Invisible         |     2 |       |       ||     2
         Distracted        |     1 |       |       ||     1
         Confused          |       |     1 |     1 ||     2
 Armour: Skin              |    61 |    30 |     4 ||    95
  Dodge: Dodged            |    36 |    24 |     3 ||    63
  Block: Other             |       |     4 |       ||     4
